 Dungeon Sprint DCSS version 0.27-a0-394-g49c82dfaf2 (webtiles) character file.

Game seed: 2834729013095139975

423002 mhtbhm the Axe Maniac (level 22, -8/349 HPs)
             Began as a Minotaur Fighter on Feb 21, 2021.
             Was the Champion of Trog.
             Mangled by a death scarab (12 damage)
             ... summoned by a royal mummy
             ... in the Dungeon (Sprint VII: "The Pits").
             The game lasted 00:49:02 (12716 turns).

mhtbhm the Axe Maniac (Minotaur Fighter)           Turns: 12716, Time: 00:49:02

Health: -8/349     AC: 46    Str: 34    XL:     22   Next: 37%
Magic:  7/7        EV: 23    Int: 11    God:    Trog [******]
Gold:   228        SH: 26    Dex: 18    Spells: 21/21 levels left

rFire    + + +     SeeInvis +   a - +4 broad axe (antimagic)
rCold    + + .     Faith    .   c - +1 kite shield {rF+}
rNeg     + + .     Spirit   .   b - +10 gold dragon scales "Letumoa" {*Corrode rPois rF+ rC+ Regen+ Int+3}
rPois    +         Reflect  +   O - +2 hat of Catatonia {Str+2 Int+3 Stlth+}
rElec    +         Harm     .   V - +1 cloak {rCorr}
rCorr    +         Rampage  +   y - +2 pair of gloves of the Solstice {Rampage Regen+ rCorr}
Will     +++..     NoTele   +   E - +2 pair of boots of Undesirable Species {*Corrode Dex+7 Stlth+}
Stlth    ..........             P - amulet "Fiothrie" {Reflect rN+ Str+2 SH+5}
HPRegen  2.68/turn              R - ring of the Louse {*Contam rElec rN+ Will++ SInv}
MPRegen  0.10/turn              G - ring "Amiur" {*Corrode rF+++ rC+ Stlth+}

@: berserking (expiring), corroded, slowed, constricted
A: retaliatory headbutt, horns 2
}: 3/3 runes: silver, golden, iron
a: Renounce Religion, Berserk, Trog's Hand, Brothers in Arms


You were in the Dungeon.
You worshipped Trog.
Trog was exalted by your worship.
You visited 1 branch You collected 228 gold pieces.

Inventory:

Hand Weapons
 a - a +4 antimagic broad axe (weapon)
 t - a +5 eudemon blade of holy wrath
 D - the +8 hunting sling of the Past {venom, rF- rN+++ Dex+2 SInv}
   (You found it in the Dungeon)

   It poisons the ammo it fires.
   It affects your dexterity (+2).
   It makes you vulnerable to fire.
   It renders you almost immune to negative energy.
   It lets you see invisible.
 H - the +11 demon blade of Beyond {flame, rPois}
   (You found it in the Dungeon)

   It has been specially enchanted to burn those struck by it, causing extra
   injury to most foes and up to half again as much damage against particularly
   susceptible opponents.
   Big, fiery blades are also staple armaments of hydra-hunters.
   It protects you from poison.
 J - the +9 executioner's axe "Cavonlea" {vorpal, +Fly Str+6 Dex-3 Stlth+}
   (Trog gifted it to you in the Dungeon)

   It inflicts extra damage upon your enemies.
   It affects your strength (+6).
   It affects your dexterity (-3).
   It lets you fly.
   It makes you more stealthy.
Missiles
 d - a throwing net
 m - a curare-tipped dart (quivered)
 u - 22 javelins
Armour
 b - the +10 gold dragon scales "Letumoa" (worn) {*Corrode rPois rF+ rC+ Regen+ Int+3}
   (You found it in the Dungeon)

   It affects your intelligence (+3).
   It protects you from fire.
   It protects you from cold.
   It protects you from poison.
   It increases your rate of regeneration.
   It may corrode you when you take damage.
 c - a +1 kite shield of fire resistance (worn)
 k - a +4 pair of boots
 o - the +7 plate armour "Fielisu" {*Corrode rPois Will+++ Str+3}
   (You found it in the Dungeon)

   It affects your strength (+3).
   It protects you from poison.
   It affects your willpower, your defense against some magical effects.
   It may corrode you when you take damage.
 s - a +2 cloak of stealth
 y - the +2 pair of gloves of the Solstice (worn) {Rampage Regen+ rCorr}
   (You found it in the Dungeon)

   It increases your rate of regeneration.
   It provides partial protection from all sources of acid and corrosion.
   It bestows one free step when moving towards enemies.
 E - the +2 pair of boots of Undesirable Species (worn) {*Corrode Dex+7 Stlth+}
   (You found it in the Dungeon)

   It affects your dexterity (+7).
   It may corrode you when you take damage.
   It makes you more stealthy.
 O - the +2 hat of Catatonia (worn) {Str+2 Int+3 Stlth+}
   (You found it in the Dungeon)

   It affects your strength (+2).
   It affects your intelligence (+3).
   It makes you more stealthy.
 V - a +1 cloak of preservation (worn)
Jewellery
 G - the ring "Amiur" (right hand) {*Corrode rF+++ rC+ Stlth+}
   (You found it in the Dungeon)

   [ring of protection from cold]

   It renders you almost immune to fire.
   It protects you from cold.
   It may corrode you when you take damage.
   It makes you more stealthy.
 P - the amulet "Fiothrie" (around neck) {Reflect rN+ Str+2 SH+5}
   (You found it in the Dungeon)

   [amulet of reflection]

   It shields you and reflects attacks.
   It affects your strength (+2).
   It protects you from negative energy.
   It affects your SH (+5).
 R - the ring of the Louse (left hand) {*Contam rElec rN+ Will++ SInv}
   (You found it in the Dungeon)

   [ring of see invisible]

   It insulates you from electricity.
   It protects you from negative energy.
   It affects your willpower, your defense against some magical effects.
   It lets you see invisible.
   It causes magical contamination when unequipped.
 T - the amulet "Turrofo" {Reflect +Inv rElec MP+9 Dex-5 SH+5}
   (You found it in the Dungeon)

   [amulet of reflection]

   It shields you and reflects attacks.
   It affects your dexterity (-5).
   It insulates you from electricity.
   It affects your magic capacity (+9).
   It lets you turn invisible.
   It affects your SH (+5).
Wands
 p - a wand of random effects (10)
 z - a wand of flame (23)
 A - a wand of paralysis (4)
Scrolls
 j - a scroll of blinking
 l - a scroll of summoning
 n - a scroll of enchant weapon
 v - 7 scrolls of fear
 w - 8 scrolls of fog
 I - 5 scrolls of identify
 X - 4 scrolls of immolation
Potions
 e - 13 potions of curing
 f - 20 potions of heal wounds
 g - 10 potions of haste
 h - 9 potions of magic
 i - 7 potions of berserk rage
 q - 6 potions of mutation
 r - 3 potions of might
 x - 5 potions of resistance
 B - a potion of ambrosia
 F - a potion of cancellation
 Z - 2 potions of attraction
Miscellaneous
 N - a box of beasts
 Q - a condenser vane
 W - a tin of tremorstones (2/2)
 Y - a phantom mirror


   Skills:
 O Level 27 Fighting
 + Level 18.9(24.1) Short Blades
 O Level 27 Long Blades
 O Level 27 Axes
 + Level 20.1(25.7) Maces & Flails
 - Level 2.2(18.9) Polearms
 - Level 2.2(13.9) Staves
 O Level 27 Slings
 - Level 2.0 Bows
 - Level 2.0 Crossbows
 O Level 27 Throwing
 O Level 27 Armour
 O Level 27 Dodging
 O Level 27 Stealth
 O Level 27 Shields
 + Level 18.4 Unarmed Combat
 - Level 1.8 Invocations
 O Level 27 Evocations


You had 21 spell levels left.
You didn't know any spells.
Your spell library contained the following spells:

 Spells                   Type           Power        Failure   Level
 Freeze                   Ice            0%           83%         1
 Mephitic Cloud           Conj/Pois/Air  0%           99%         3
 Spider Form              Tmut/Pois      0%           99%         3
 Eringya's Noxious Bog    Tmut/Pois      0%           100%        6
 Ozocubu's Refrigeration  Ice            0%           100%        7


Dungeon Overview and Level Annotations

Branches:
Dungeon (1/1)

Altars:
Ashenzari
Cheibriados
Dithmenos
Elyvilon
Fedhas
Gozag
Hepliaklqana
Kikubaaqudgha
Makhleb
Nemelex Xobeh
Okawaru
Qazlal
Ru
Sif Muna
Trog
Uskayaw
Vehumet
Wu Jian
Xom
Yredelemnul
Zin
The Shining One
Beogh
Jiyva
Lugonu

Annotations:
D Mnoleg


Innate Abilities, Weirdness & Mutations

You reflexively headbutt those who attack you in melee.
You have a pair of horns on your head.


Message History

You furiously retaliate!
You headbutt the tentacled monstrosity.
The tentacled monstrosity tentacle-slaps you but does no damage.
The tentacled monstrosity misses you.
The tentacled monstrosity constricts you.
The Hell Sentinel hits you!
* * * LOW HITPOINT WARNING * * *
You block the Hell Sentinel's attack. The electric golem hits you.
* * * LOW HITPOINT WARNING * * *
The electric golem shocks you. You resist.
* * * LOW HITPOINT WARNING * * *
The electric golem misses you. The electric golem hits you.
* * * LOW HITPOINT WARNING * * *
The electric golem closely misses you. The Orb Guardian completely misses you.
You furiously retaliate!
You headbutt the Orb Guardian. You slice the Hell Sentinel!!
The Hell Sentinel's magic leaks into the air.
The Hell Sentinel is lightly wounded.
You closely miss the ancient lich. You slash the Orb Guardian!
You kill the Orb Guardian!
Trog accepts your kill.
You hit the shadow dragon. You hit the Orb Guardian. You miss the death scarab.
You hit the electric golem.
The electric golem's magic leaks into the air.
You slash the tentacled monstrosity! You block the death scarab's attack.
You block the Orb Guardian's attack.
Mnoleg gestures.
You block the ancient lich's attack.
The tormentor calls on the powers of darkness!
The quicksilver dragon convulses!
The swamp drake convulses!
The emperor scorpion convulses! x2; The great orb of eyes convulses!
The Orb Guardian convulses!
The red draconian shifter convulses!
The Orb Guardian convulses!
The lindwurm convulses!
The wind drake convulses! x2
The emperor scorpion convulses!
The pearl dragon convulses!
The yellow draconian stormcaller convulses!
The emperor scorpion convulses!
The floating eye convulses!
The Orb Guardian convulses! x4; Your body is wracked with pain!
* * * LOW HITPOINT WARNING * * *
The Orb Guardian convulses!
The emperor scorpion convulses!
The shadow dragon convulses!
The death scarab bites you!
You die...

*#######* ###########
**.......## ##..........
**,........## ##...........
**,,.....sDXB###.....###...#
*,,,....MXB@8X#....###......
*,,,..G.sXL1XXX...##........
*,,,..1BsDBDqJ...##.........
*,,,...&sXBXkkk..#..........
*,,,.DM2.BBBk....#..........
*,,,...s§G§q.....#..........
*,,,....§w§......##.........
*,,,....§§§.......*#.....)..
*,,,,.........#....###....).


You could see Mnoleg, 2 royal mummies, a bone dragon, a Hell Sentinel, an
electric golem, a shadow dragon, a tentacled monstrosity, an eldritch tentacle,
5 emperor scorpions, a pearl dragon, an ancient lich (fast, invisible), an Ice
Fiend, a red draconian shifter, a quicksilver dragon, a yellow draconian
stormcaller, 8 Orb Guardians, a great orb of eyes (summoned), 2 wind drakes, a
lindwurm (summoned), a death ooze, a tormentor, 8 death scarabs, a swamp drake
(summoned) and a floating eye (summoned).

Vanquished Creatures
  the Royal Jelly (D)
  Gloorx Vloq (D)
  2 ancient liches (D)
  2 orbs of fire (D)
  Mara (D)
  Boris (D)
  Margery (D)
  3 royal mummies (D)
  A Killer Klown (D)
  the Lernaean hydra (D)
  Frederick (D)
  3 curse toes (D)
  Xtahua (D)
  8 pandemonium lords (D)
  13 golden dragons (D)
  Jory (D)
  4 pearl dragons (D)
  Arachne (D)
  Nikola (D)
  4 Brimstone Fiends (D)
  4 electric golems (D)
  2 hellephants (D)
  4 tentacled monstrosities (D)
  4 Ice Fiends (D)
  4 liches (D)
  7 quicksilver dragons (D)
  6 acid blobs (D)
  3 titans (D)
  A deep elf blademaster (D)
  18 Orb Guardians (D)
  6 deep elf master archers (D)
  5 Executioners (D)
  2 sphinxes (D)
  Agnes (D)
  7 storm dragons (D)
  12 shadow dragons (D)
  4 nagarajas (D)
  2 fire giants (D)
  3 draconian monks (D)
  4 azure jellies (D)
  2 deep elf sorcerers (D)
  A daeva (D)
  8 iron dragons (D)
  A draconian knight (D)
  A ghost moth (D)
  2 orc warlords (D)
  2 balrugs (D)
  Louise (D)
  4 draconian shifters (D)
  2 draconian scorchers (D)
  A draconian annihilator (D)
  3 emperor scorpions (D)
  6 ghouls (D)
  3 spriggan defenders (D)
  2 reapers (D)
  7 vampire knights (D)
  An ophan (D)
  2 apis (D)
  2 war gargoyles (D)
  Azrael (D)
  A white draconian (D)
  2 green draconians (D)
  A deep elf annihilator (D)
  2 purple draconians (D)
  2 deep elf demonologists (D)
  2 yellow draconians (D)
  A dire elephant (D)
  2 minotaurs (D)
  3 eidola (D)
  3 deep elf death magi (D)
  2 blizzard demons (D)
  3 death oozes (D)
  3 green deaths (D)
  2 mummy priests (D)
  10 fire dragons (D)
  A merfolk impaler (D)
  A great orb of eyes (D)
  2 rakshasas (D)
  11 hydras (D)
  13 ice dragons (D)
  2 hell beasts (D)
  4 vault guards (D)
  A catoblepas (D)
  3 spriggan air magi (D)
  3 naga warriors (D)
  A boulder beetle (D)
  An anaconda (D)
  An ogre mage (D)
  An iron elemental (D)
  A merfolk avatar (D)
  A merfolk aquamancer (D)
  3 deep troll shamans (D)
  A satyr (shapeshifter) (D)
  A death yak (D)
  9 vampire magi (D)
  A spriggan berserker (D)
  2 deep troll earth magi (D)
  Nergalle (D)
  2 soul eaters (D)
  4 hell knights (D)
  4 iron trolls (D)
  A fire crab (D)
  A shadow wraith (D)
  A sixfirhy (D)
  8 flayed ghosts (D)
  9 skeletal warriors (D)
  A bog body (D)
  16 swamp dragons (D)
  5 orc knights (D)
  2 necromancers (D)
  A phantasmal warrior (D)
  2 wolf spiders (D)
  A mana viper (shapeshifter) (D)
  An orc sorcerer (D)
  An ugly thing (D)
  A moth of wrath (D)
  A large abomination (D)
  14 elephants (D)
  2 naga magi (D)
  2 molten gargoyles (D)
  An orange demon (D)
  A cane toad (D)
  A gargoyle (D)
  3 freezing wraiths (D)
  A demonic crawler (D)
  3 rime drakes (D)
  A hellion (D)
  3 yaktaurs (D)
  A komodo dragon (D)
  2 tormentors (D)
  A guardian mummy (D)
  2 ice devils (D)
  4 merfolk (D)
  A hornet (D)
  A jumping spider (D)
  A troll (D)
  A wind drake (D)
  A wandering mushroom (D)
  A snapping turtle (D)
  A wraith (D)
  2 redbacks (D)
  A spriggan (D)
  A shadow (D)
  6 vampires (D)
  A ynoxinul (D)
  3 water elementals (D)
  11 yaks (D)
  Eustachio (D)
  4 fire elementals (D)
  A golden eye (D)
  A steam dragon (D)
  2 neqoxecs (D)
  An acid dragon (shapeshifter) (D)
  A water moccasin (D)
  3 hell hounds (D)
  A floating eye (D)
  An orc warrior (D)
  A black bear (D)
  An ogre (D)
  4 eyes of draining (D)
  2 necrophages (D)
  5 wolves (D)
  A kobold brigand (D)
  A scorpion (D)
  6 killer bees (D)
  An orc priest (D)
  A worker ant (D)
  An iguana (D)
  3 orc wizards (D)
  A small abomination (D)
  6 gnolls (D)
  3 river rats (D)
  3 white imps (D)
  5 adder skeletons (D)
  An adder zombie (D)
  3 adder simulacra (D)
  A leopard gecko (D)
  9 orcs (D)
  A ball python (D)
  A bat simulacrum (D)
  2 bat skeletons (D)
  2 bat zombies (D)
  6 giant cockroaches (D)
  A goblin (D)
  A hobgoblin (D)
  3 jackals (D)
  2 quokkas (D)
  A ball python skeleton (D)
  A bat (D)
  A giant cockroach simulacrum (D)
  A giant cockroach zombie (D)
  A jackal skeleton (D)
  A jackal zombie (D)
  A quokka simulacrum (D)
  A quokka skeleton (D)
  A quokka zombie (D)
545 creatures vanquished.

Vanquished Creatures (collateral kills)
  Ereshkigal (D)
  2 acid blobs (D)
  A deep elf demonologist (D)
  A yellow draconian (D)
  2 death oozes (D)
  A hydra (D)
  Urug (D)
  7 orc knights (D)
  A deep elf pyromancer (D)
  A merfolk (D)
  A snapping turtle (D)
  A flying skull (D)
  A fire bat (D)
  A wolf (shapeshifter) (D)
  A gnoll shaman (D)
23 creatures vanquished.

Vanquished Creatures (others)
  A ghost moth (D)
  A lorocyproca (D)
  2 hell knights (D)
4 creatures vanquished.

Grand Total: 572 creatures vanquished

Notes
Turn   | Place    | Note
-------+----------+-------------------------------------------
     0 | D        | mhtbhm the Minotaur Fighter began the quest for the Orb.
     0 | D        | Reached XP level 1. HP: 19/19 MP: 0/0
    16 | D        | Reached XP level 2. HP: 28/28 MP: 1/1
    20 | D        | Found a bloodstained altar of Trog.
    20 | D        | Found a shimmering blue altar of Sif Muna.
    20 | D        | Found a viscous altar of Jiyva.
    20 | D        | Found a hazy altar of Hepliaklqana.
    20 | D        | Found an opulent altar of Gozag.
    21 | D        | Found a glowing golden altar of the Shining One.
    21 | D        | Found a glowing silver altar of Zin.
    21 | D        | Found a basalt altar of Yredelemnul.
    21 | D        | Found a shimmering altar of Xom.
    21 | D        | Found an ornate altar of the Wu Jian Council.
    21 | D        | Found a sacrificial altar of Ru.
    21 | D        | Found a stormy altar of Qazlal.
    21 | D        | Found an iron altar of Okawaru.
    21 | D        | Found a sparkling altar of Nemelex Xobeh.
    21 | D        | Found a burning altar of Makhleb.
    21 | D        | Found a blossoming altar of Fedhas.
    21 | D        | Found a white marble altar of Elyvilon.
    21 | D        | Found a shadowy altar of Dithmenos.
    21 | D        | Found a snail-covered altar of Cheibriados.
    23 | D        | Found a radiant altar of Vehumet.
    23 | D        | Found a corrupted altar of Lugonu.
    23 | D        | Found a roughly hewn altar of Beogh.
    25 | D        | Became a worshipper of Trog the Wrathful
    72 | D        | Reached * piety under Trog
    76 | D        | Reached skill level 5 in Fighting
    76 | D        | Reached skill level 5 in Armour
    76 | D        | Reached skill level 5 in Shields
    76 | D        | Reached XP level 3. HP: 36/36 MP: 2/2
    76 | D        | Reached ** piety under Trog
   192 | D        | Reached *** piety under Trog
   255 | D        | Noticed an orc warrior
   258 | D        | Noticed a water moccasin
   260 | D        | Noticed a necrophage
   261 | D        | Reached **** piety under Trog
   262 | D        | Reached XP level 4. HP: 44/44 MP: 3/3
   267 | D        | Killed an orc warrior
   268 | D        | Reached skill level 1 in Dodging
   268 | D        | Reached XP level 5. HP: 52/52 MP: 4/4
   269 | D        | Killed a water moccasin
   270 | D        | Reached XP level 6. HP: 61/61 MP: 5/5
   275 | D        | Reached ***** piety under Trog
   335 | D        | Noticed a rime drake
   340 | D        | Killed a rime drake
   341 | D        | Reached skill level 10 in Armour
   341 | D        | Reached skill level 10 in Shields
   341 | D        | Reached XP level 7. HP: 70/70 MP: 6/6
   406 | D        | Reached skill level 10 in Axes
   416 | D        | Noticed a gargoyle
   416 | D        | Noticed a steam dragon
   421 | D        | Killed a steam dragon
   422 | D        | Reached skill level 10 in Fighting
   423 | D        | Received a gift from Trog
   425 | D        | Reached ****** piety under Trog
   433 | D        | Killed a gargoyle
   434 | D        | Reached XP level 8. HP: 37/80 MP: 7/7
   700 | D        | Got the +1 broad axe of Trog's Righteous Fury {flame, rF-
                  | Str+6 Int+3 Stlth-}
   780 | D        | Found a hide-covered altar of Uskayaw.
   780 | D        | Found an ancient bone altar of Kikubaaqudgha.
   780 | D        | Found a broken altar of Ashenzari.
   809 | D        | Noticed a freezing wraith
   819 | D        | Killed a freezing wraith
   980 | D        | Noticed an elephant
   980 | D        | Noticed an emperor scorpion
   980 | D        | Noticed a rime drake
   984 | D        | Killed a rime drake
   990 | D        | Killed an emperor scorpion
   990 | D        | Received a gift from Trog
   990 | D        | Killed an elephant
   991 | D        | Reached skill level 15 in Axes
   991 | D        | Reached skill level 5 in Dodging
   991 | D        | Reached XP level 9. HP: 90/90 MP: 8/8
  1145 | D        | Noticed an ice devil
  1148 | D        | Noticed an eidolon
  1156 | D        | Killed an ice devil
  1167 | D        | Killed an eidolon
  1168 | D        | Reached XP level 10. HP: 97/97 MP: 9/9
  1330 | D        | Noticed a merfolk aquamancer
  1348 | D        | Killed a merfolk aquamancer
  1348 | D        | Received a gift from Trog
  1612 | D        | Noticed a boulder beetle
  1612 | D        | Noticed an anaconda
  1612 | D        | Noticed a phantasmal warrior
  1626 | D        | Killed an anaconda
  1639 | D        | Killed a phantasmal warrior
  1640 | D        | Reached skill level 1 in Stealth
  1643 | D        | Killed a boulder beetle
  2019 | D        | Received a gift from Trog
  2131 | D        | Noticed a cane toad
  2137 | D        | Reached XP level 11. HP: 82/107 MP: 3/10
  2140 | D        | Reached skill level 15 in Armour
  2355 | D        | Noticed a sixfirhy
  2355 | D        | Noticed an orc sorcerer
  2362 | D        | Killed a sixfirhy
  2362 | D        | Received a gift from Trog
  2363 | D        | Reached skill level 15 in Shields
  2367 | D        | Killed an orc sorcerer
  2473 | D        | Noticed Eustachio
  2497 | D        | Noticed a minotaur
  2507 | D        | Received a gift from Trog
  2508 | D        | Killed Eustachio
  2522 | D        | Killed a minotaur
  2585 | D        | Received a gift from Trog
  2599 | D        | Received a gift from Trog
  2659 | D        | Noticed Agnes
  2660 | D        | Noticed a death yak
  2669 | D        | Killed Agnes
  2670 | D        | Reached skill level 15 in Fighting
  2670 | D        | Reached skill level 1 in Throwing
  2675 | D        | Killed a death yak
  2785 | D        | Noticed a six-headed hydra
  2788 | D        | Paralysed by a floating eye for 3 turns
  2789 | D        | Noticed Urug
  2796 | D        | Paralysed by a floating eye for 4 turns
  2801 | D        | Killed a nine-headed hydra
  2801 | D        | Received a gift from Trog
  2814 | D        | Reached XP level 12. HP: 52/122 MP: 3/11
  2817 | D        | Killed Urug
  2817 | D        | Received a gift from Trog
  2827 | D        | Received a gift from Trog
  3258 | D        | Got the +8 hunting sling of the Past {venom, rF- rN+++
                  | Dex+2 SInv}
  3262 | D        | Got the +2 pair of boots of Undesirable Species {*Corrode
                  | Dex+7 Stlth+}
  3415 | D        | Noticed a shadow dragon
  3415 | D        | Noticed a fire giant
  3415 | D        | Noticed a hell beast
  3415 | D        | Noticed Nergalle
  3415 | D        | Noticed a rakshasa
  3415 | D        | Noticed a great orb of eyes
  3431 | D        | Killed a shadow dragon
  3434 | D        | Killed a hell beast
  3439 | D        | Killed a rakshasa
  3439 | D        | Received a gift from Trog
  3443 | D        | Killed a fire giant
  3447 | D        | Killed a great orb of eyes
  3453 | D        | Killed Nergalle
  3676 | D        | Noticed Arachne
  3687 | D        | Killed Arachne
  3687 | D        | Received a gift from Trog
  3703 | D        | Noticed a storm dragon
  3704 | D        | Noticed an emperor scorpion
  3720 | D        | Noticed a deep elf master archer
  3727 | D        | Killed a deep elf master archer
  3727 | D        | Received a gift from Trog
  3728 | D        | Reached XP level 13. HP: 59/134 MP: 4/12
  3739 | D        | HP: 3/134 [emperor scorpion (9)]
  3742 | D        | Killed an emperor scorpion
  3984 | D        | Noticed a deep elf demonologist
  3989 | D        | Noticed an Ice Fiend
  3994 | D        | Received a gift from Trog
  3995 | D        | Reached skill level 5 in Stealth
  4001 | D        | Killed a deep elf demonologist
  4060 | D        | Received a gift from Trog
  4340 | D        | Got the ring "Amiur" {*Corrode rF+++ rC+ Stlth+}
  4363 | D        | Killed a storm dragon
  4363 | D        | Received a gift from Trog
  4391 | D        | Got the +7 plate armour "Fielisu" {*Corrode rPois Will+++
                  | Str+3}
  4638 | D        | Noticed a royal mummy
  4651 | D        | Killed a royal mummy
  5054 | D        | Noticed Margery
  5063 | D        | Killed Margery
  5104 | D        | Noticed an ancient lich
  5111 | D        | Killed an ancient lich
  5111 | D        | Received a gift from Trog
  5112 | D        | Reached XP level 14. HP: 149/149 MP: 4/13
  5187 | D        | Noticed an orc warlord
  5187 | D        | Noticed an orc warlord
  5195 | D        | Killed an orc warlord
  5196 | D        | Killed an orc warlord
  5196 | D        | Received a gift from Trog
  5204 | D        | Reached skill level 10 in Dodging
  5204 | D        | Received a gift from Trog
  5209 | D        | Noticed an emperor scorpion
  5222 | D        | Received a gift from Trog
  5248 | D        | Killed an emperor scorpion
  5633 | D        | Got the +2 pair of gloves of the Solstice {Rampage Regen+
                  | rCorr}
  5666 | D        | Noticed a shadow dragon
  5677 | D        | Killed a shadow dragon
  5729 | D        | Got the +11 demon blade of Beyond {flame, rPois}
  5833 | D        | Noticed a deep elf master archer
  5841 | D        | Killed a deep elf master archer
  5845 | D        | Noticed a royal mummy
  5851 | D        | Killed a royal mummy
  5851 | D        | Received a gift from Trog
  5928 | D        | Noticed a ghoul
  5928 | D        | Noticed a ghoul
  5929 | D        | Noticed a ghoul
  5949 | D        | Killed a ghoul
  5953 | D        | Killed a ghoul
  5956 | D        | Killed a ghoul
  6120 | D        | Noticed a green draconian scorcher
  6120 | D        | Noticed a black draconian knight
  6120 | D        | Noticed a yellow draconian shifter
  6133 | D        | Noticed a nagaraja
  6139 | D        | Noticed a lich
  6143 | D        | Killed a green draconian scorcher
  6143 | D        | Received a gift from Trog
  6144 | D        | Reached XP level 15. HP: 163/163 MP: 4/14
  6145 | D        | Killed a black draconian knight
  6156 | D        | Killed a lich
  6156 | D        | Received a gift from Trog
  6157 | D        | Killed a nagaraja
  6218 | D        | Received a gift from Trog
  6223 | D        | Got a faintly glowing executioner's axe {god gift}
  6234 | D        | Identified the +9 executioner's axe "Cavonlea" {vorpal,
                  | +Fly Str+6 Dex-3 Stlth+} (Trog gifted it to you in the
                  | Dungeon)
  6296 | D        | Noticed a deep elf sorcerer
  6299 | D        | Noticed a storm dragon
  6310 | D        | Noticed a daeva
  6314 | D        | Killed a deep elf sorcerer
  6314 | D        | Received a gift from Trog
  6323 | D        | Killed a storm dragon
  6323 | D        | Received a gift from Trog
  6336 | D        | Killed a daeva
  6474 | D        | Noticed an ancient lich
  6481 | D        | Received a gift from Trog
  6495 | D        | Killed an ancient lich
  6557 | D        | Got the ring of Ximygiusuli {rF++ Slay+4}
  6559 | D        | Got the ring "Bitzynt" {MP+9 Int+2 Dex+4 Slay+5}
  6562 | D        | Got the amulet of Qazlal's Displeasure {RegenMP rPois rF+
                  | Dex+7}
  6564 | D        | Got the amulet of Udeof {Faith rF- Will++ Str+3}
  6566 | D        | Got the ring of Duxzaph {+Inv rF- rC+ Str+6 SInv}
  6568 | D        | Got the amulet of Insomnia {Spirit rElec Stlth+}
  6571 | D        | Got the amulet of Faliteoc {Spirit rPois}
  6573 | D        | Got the amulet "Fiothrie" {Reflect rN+ Str+2 SH+5}
  6575 | D        | Got the amulet "Gootz" {Reflect rPois rN+ Will+ Int-4 SH+5}
  6577 | D        | Got the ring of the Louse {*Contam rElec rN+ Will++ SInv}
  6579 | D        | Got the amulet "Lech" {Faith *Contam MP+9 Str+4}
  6581 | D        | Got the amulet "Turrofo" {Reflect +Inv rElec MP+9 Dex-5
                  | SH+5}
  6583 | D        | Got the amulet of Foroav {Will++ Regen+}
  6585 | D        | Got the amulet of Seido {Spirit Dex+6 Stlth-}
  6617 | D        | Got the ring of Uprux {rElec rC- rN+ Str+3}
  6619 | D        | Got the ring "Sehoiroq" {Wiz *Corrode Int+6}
  6621 | D        | Got the ring "Yhaon" {rN+ Stlth+}
  6623 | D        | Got the ring "Jaony" {+Inv Int+6 Slay+2}
  6625 | D        | Got the ring of Castremn {Will+ Str+6}
  6628 | D        | Got the ring "Myejy" {rPois rN+ EV+6 Str-5 Stlth+}
  6630 | D        | Got the ring of Lepsyl {Fire rN++}
  6632 | D        | Got the ring of Vited {Wiz Str-5 Dex+7 Stlth+}
  6634 | D        | Got the ring "Nacvoetuotz" {Fire +Fly MP+9 Str+5}
  6636 | D        | Got the ring of Vismucov {rPois rN+ Str+6 Dex+4}
  6638 | D        | Got the ring "Wuffatho" {*Slow rC+ Dex+7}
  6640 | D        | Got the ring "Tuxec" {Wiz rElec rPois rC+ Str+4}
  6642 | D        | Got the ring of Jiopheni {*Drain rN++ Dex+6}
  6644 | D        | Got the ring "Raah" {rN+ Str+6 SInv}
  6713 | D        | Noticed a hellephant
  6726 | D        | Killed a hellephant
  6733 | D        | Noticed Louise
  6733 | D        | Noticed a curse toe
  6733 | D        | Noticed an Ice Fiend
  6739 | D        | Killed Louise
  6743 | D        | Received a gift from Trog
  6745 | D        | Killed a curse toe
  6750 | D        | Killed an Ice Fiend
  6751 | D        | Reached skill level 27 in Axes
  6751 | D        | Reached XP level 16. HP: 34/182 MP: 5/15
  6855 | D        | Noticed Giduphoa the pandemonium lord
  6868 | D        | Killed Giduphoa the pandemonium lord
  6868 | D        | Received a gift from Trog
  6869 | D        | Reached skill level 27 in Fighting
  6911 | D        | Noticed a titan
  6916 | D        | Killed a titan
  6919 | D        | Noticed an electric golem
  6927 | D        | Killed an electric golem
  6943 | D        | Noticed an Executioner
  6947 | D        | Killed an Executioner
  6947 | D        | Received a gift from Trog
  6948 | D        | Reached skill level 27 in Shields
  7204 | D        | Noticed the Royal Jelly
  7207 | D        | Noticed an acid blob
  7207 | D        | Noticed an acid blob
  7208 | D        | Noticed an acid blob
  7211 | D        | Noticed an acid blob
  7216 | D        | Killed an acid blob
  7216 | D        | Killed an acid blob
  7222 | D        | Killed an acid blob
  7230 | D        | Killed the Royal Jelly
  7230 | D        | Noticed an acid blob
  7230 | D        | Noticed an acid blob
  7234 | D        | Killed an acid blob
  7236 | D        | Killed an acid blob
  7237 | D        | Killed an acid blob
  7280 | D        | Reached skill level 27 in Armour
  7283 | D        | Noticed a pearl dragon
  7294 | D        | Killed a pearl dragon
  7295 | D        | Reached skill level 1 in Short Blades
  7295 | D        | Reached skill level 1 in Long Blades
  7295 | D        | Reached skill level 1 in Maces & Flails
  7295 | D        | Reached skill level 1 in Polearms
  7295 | D        | Reached skill level 1 in Staves
  7295 | D        | Reached skill level 1 in Slings
  7295 | D        | Reached skill level 1 in Bows
  7295 | D        | Reached skill level 1 in Crossbows
  7295 | D        | Reached skill level 1 in Invocations
  7295 | D        | Reached skill level 1 in Evocations
  7360 | D        | Received a gift from Trog
  7364 | D        | Noticed Xtahua
  7376 | D        | Killed Xtahua
  7378 | D        | Noticed an electric golem
  7393 | D        | Killed an electric golem
  7394 | D        | Reached skill level 5 in Long Blades
  7394 | D        | Reached skill level 5 in Slings
  7394 | D        | Reached skill level 5 in Throwing
  7404 | D        | Noticed Bounaet the pandemonium lord
  7409 | D        | Noticed a tentacled monstrosity
  7409 | D        | Noticed a tentacled monstrosity
  7414 | D        | Killed Bounaet the pandemonium lord
  7414 | D        | Received a gift from Trog
  7415 | D        | Reached skill level 5 in Evocations
  7463 | D        | Noticed Jory
  7476 | D        | Killed Jory
  7622 | D        | Noticed a deep elf blademaster
  7632 | D        | Killed a deep elf blademaster
  7638 | D        | Noticed an Executioner
  7645 | D        | Killed an Executioner
  7790 | D        | Noticed a storm dragon
  7799 | D        | Killed a storm dragon
  7799 | D        | Received a gift from Trog
  7800 | D        | Reached skill level 10 in Long Blades
  7800 | D        | Reached XP level 17. HP: 189/191 MP: 5/17
  7902 | D        | Noticed an electric golem
  7910 | D        | Killed an electric golem
  7949 | D        | Noticed a Brimstone Fiend
  7957 | D        | Killed a Brimstone Fiend
  7958 | D        | Reached skill level 10 in Slings
  7960 | D        | Noticed a hellephant
  7976 | D        | Killed a hellephant
  7977 | D        | Reached skill level 10 in Throwing
  7991 | D        | Noticed a Brimstone Fiend
  7995 | D        | Killed a Brimstone Fiend
  8028 | D        | Received a gift from Trog
  8030 | D        | Noticed a deep elf master archer
  8032 | D        | Killed a deep elf master archer
  8041 | D        | Reached skill level 10 in Evocations
  8077 | D        | Noticed a Brimstone Fiend
  8083 | D        | Killed a Brimstone Fiend
  8084 | D        | Reached skill level 15 in Dodging
  8108 | D        | Noticed a titan
  8114 | D        | Killed a titan
  8123 | D        | Noticed a pearl dragon
  8132 | D        | Killed a pearl dragon
  8132 | D        | Received a gift from Trog
  8149 | D        | Noticed a Brimstone Fiend
  8162 | D        | Killed a Brimstone Fiend
  8230 | D        | Noticed Wiufifu the pandemonium lord
  8249 | D        | Killed Wiufifu the pandemonium lord
  8250 | D        | Reached skill level 15 in Long Blades
  8309 | D        | Noticed Sikhaty the pandemonium lord
  8318 | D        | Killed Sikhaty the pandemonium lord
  8364 | D        | Noticed an Ice Fiend
  8371 | D        | Killed an Ice Fiend
  8415 | D        | Noticed a quicksilver dragon
  8419 | D        | Killed a quicksilver dragon
  8419 | D        | Received a gift from Trog
  8428 | D        | Noticed a Killer Klown
  8442 | D        | Killed a Killer Klown
  8456 | D        | Noticed a lich
  8462 | D        | Killed a lich
  8465 | D        | Noticed a pearl dragon
  8472 | D        | Killed a pearl dragon
  8477 | D        | Noticed Kodonk the pandemonium lord
  8498 | D        | Killed Kodonk the pandemonium lord
  8499 | D        | Reached XP level 18. HP: 200/200 MP: 6/18
  8547 | D        | Noticed an Ice Fiend
  8547 | D        | Noticed Feshimi the pandemonium lord
  8557 | D        | Killed Feshimi the pandemonium lord
  8565 | D        | Killed an Ice Fiend
  8565 | D        | Received a gift from Trog
  8627 | D        | Noticed a royal mummy
  8637 | D        | Killed a royal mummy
  8795 | D        | Noticed Ereshkigal
  8811 | D        | Noticed a Tzitzimitl
  8822 | D        | Killed Ereshkigal
  8823 | D        | Reached skill level 27 in Long Blades
  8996 | D        | Noticed a tentacled monstrosity
  9004 | D        | Killed a tentacled monstrosity
  9005 | D        | Reached skill level 15 in Slings
  9026 | D        | Got the ring "Itiwk" {Str+5 Dex+6}
  9030 | D        | Got the ring "Rashraul" {Wiz rPois MP+9 Str-5 Dex-5}
  9032 | D        | Got the ring of Yregimipi {rPois rN+ Will- AC+4 Str+5}
  9035 | D        | Got the ring "Kytagisk" {rC+ Int+7 Slay+2}
  9038 | D        | Got an iron rune of Zot
  9045 | D        | Got the amulet of the Duchess {Faith Will- Str+3 Dex+3}
  9049 | D        | Got the ring of Vanity {rC+ rN+ Int+6}
  9051 | D        | Got the ring "Zoirally" {+Fly rF+}
  9061 | D        | Got the +10 gold dragon scales "Letumoa" {*Corrode rPois
                  | rF+ rC+ Regen+ Int+3}
  9068 | D        | Got the +2 hat of Catatonia {Str+2 Int+3 Stlth+}
  9139 | D        | Noticed Mara
  9149 | D        | Killed Mara
  9149 | D        | Received a gift from Trog
  9482 | D        | Reached skill level 15 in Throwing
  9491 | D        | Received a gift from Trog
  9645 | D        | Received a gift from Trog
  9832 | D        | Noticed an orb of fire
  9836 | D        | Reached skill level 15 in Evocations
  9845 | D        | Killed an orb of fire
  9913 | D        | Received a gift from Trog
  9922 | D        | Noticed a tentacled monstrosity
  9926 | D        | Killed a tentacled monstrosity
  9971 | D        | Noticed a curse toe
  9978 | D        | Received a gift from Trog
  9981 | D        | Killed a curse toe
  9982 | D        | Reached XP level 19. HP: 193/207 MP: 6/19
 10072 | D        | Received a gift from Trog
 10211 | D        | Noticed a pearl dragon
 10218 | D        | Killed a pearl dragon
 10219 | D        | Received a gift from Trog
 10232 | D        | Got the ring "Seic" {+Fly Slay+2}
 10234 | D        | Got the amulet of Ibryummaemm {Faith Dex+5}
 10236 | D        | Got the ring "Umujymatz" {rPois rN+}
 10238 | D        | Got the ring "Faesugh" {+Fly rF+}
 10252 | D        | Noticed Frederick
 10259 | D        | Killed Frederick
 10263 | D        | Received a gift from Trog
 10272 | D        | Got the ring of Balance {Wiz rPois rC+ Dex-5}
 10274 | D        | Got the ring of Ajuci {rPois Int+3 Stlth+}
 10276 | D        | Got the ring "Iwneros" {+Blink +Inv rElec rN+ Slay+3}
 10278 | D        | Got the ring "Plog" {rF++ Will+ Dex+2}
 10435 | D        | Noticed a golden dragon
 10435 | D        | Noticed a golden dragon
 10435 | D        | Noticed a golden dragon
 10435 | D        | Noticed a golden dragon
 10435 | D        | Noticed a golden dragon
 10436 | D        | Noticed a golden dragon
 10445 | D        | Noticed a golden dragon
 10447 | D        | Killed a golden dragon
 10448 | D        | Noticed a golden dragon
 10457 | D        | Killed a golden dragon
 10459 | D        | Killed a golden dragon
 10459 | D        | Received a gift from Trog
 10460 | D        | Found the +8 demon trident "Rift" {distort, reach+}
 10466 | D        | Noticed a golden dragon
 10466 | D        | Killed a golden dragon
 10466 | D        | Received a gift from Trog
 10468 | D        | Noticed a golden dragon
 10468 | D        | Killed a golden dragon
 10471 | D        | Killed a golden dragon
 10474 | D        | Noticed a golden dragon
 10475 | D        | Noticed a golden dragon
 10481 | D        | Killed a golden dragon
 10484 | D        | Received a gift from Trog
 10488 | D        | Received a gift from Trog
 10489 | D        | Reached XP level 20. HP: 216/216 MP: 6/20
 10489 | D        | Killed a golden dragon
 10492 | D        | Killed a golden dragon
 10493 | D        | Received a gift from Trog
 10503 | D        | Noticed a golden dragon
 10505 | D        | Received a gift from Trog
 10509 | D        | Killed a golden dragon
 10512 | D        | Killed a golden dragon
 10517 | D        | Killed a golden dragon
 10521 | D        | Received a gift from Trog
 10524 | D        | Reached skill level 27 in Dodging
 10528 | D        | Killed a golden dragon
 10534 | D        | Received a gift from Trog
 10548 | D        | Received a gift from Trog
 10556 | D        | Reached skill level 27 in Slings
 10571 | D        | Received a gift from Trog
 10603 | D        | Got the ring of Hard Scrabble {Will++ MP+9 Str+4 Dex-3
                  | Stlth+}
 10606 | D        | Found the +8 storm bow {elec, penet}
 10638 | D        | Got the ring of Xom's Capriciousness {Str+6 Int+2}
 10665 | D        | Got a golden rune of Zot
 10698 | D        | Got an iridescent demon whip {god gift}
 10722 | D        | Identified the +1 demon whip of Contention {flame, Will++
                  | Str-3} (Trog gifted it to you in the Dungeon)
 10891 | D        | Received a gift from Trog
 10915 | D        | Received a gift from Trog
 10924 | D        | Received a gift from Trog
 10937 | D        | Received a gift from Trog
 10938 | D        | Reached skill level 27 in Throwing
 11070 | D        | Received a gift from Trog
 11112 | D        | Received a gift from Trog
 11121 | D        | Noticed Azrael
 11131 | D        | Received a gift from Trog
 11134 | D        | Killed Azrael
 11162 | D        | Received a gift from Trog
 11163 | D        | Reached skill level 27 in Evocations
 11172 | D        | Reached skill level 10 in Stealth
 11208 | D        | Reached XP level 21. HP: 224/224 MP: 7/21
 11414 | D        | Received a gift from Trog
 11420 | D        | Received a gift from Trog
 11424 | D        | Reached skill level 15 in Stealth
 11425 | D        | Received a gift from Trog
 11429 | D        | Received a gift from Trog
 11435 | D        | Received a gift from Trog
 11440 | D        | Received a gift from Trog
 11442 | D        | Received a gift from Trog
 11450 | D        | Received a gift from Trog
 11455 | D        | Received a gift from Trog
 11457 | D        | Received a gift from Trog
 11529 | D        | Got a silver rune of Zot
 11531 | D        | Got the ring "Cawkewit" {rPois rC+ SInv}
 11554 | D        | Got the Reference Book on the Vitriolic Snowflakes
 11661 | D        | Received a gift from Trog
 11663 | D        | Noticed the 27-headed Lernaean hydra
 11675 | D        | Killed the 27-headed Lernaean hydra
 11681 | D        | Received a gift from Trog
 11744 | D        | Noticed Doeleili the pandemonium lord
 11746 | D        | Noticed Gloorx Vloq
 11764 | D        | Noticed Nikola
 11764 | D        | Noticed a curse toe
 11777 | D        | Received a gift from Trog
 11783 | D        | Killed Doeleili the pandemonium lord
 11786 | D        | Killed Gloorx Vloq
 11786 | D        | Received a gift from Trog
 11948 | D        | Killed a curse toe
 11948 | D        | Received a gift from Trog
 11949 | D        | Reached skill level 27 in Stealth
 11959 | D        | Reached skill level 5 in Short Blades
 11959 | D        | Reached skill level 5 in Maces & Flails
 11987 | D        | Killed Nikola
 11996 | D        | Received a gift from Trog
 12013 | D        | Reached skill level 10 in Maces & Flails
 12019 | D        | Got a fine morningstar {god gift}
 12020 | D        | Identified the +6 morningstar of Nanlak {flame, Fragile
                  | +Inv rF- Str+8} (Trog gifted it to you in the Dungeon)
 12136 | D        | Noticed an orb of fire
 12160 | D        | Reached skill level 10 in Short Blades
 12185 | D        | Received a gift from Trog
 12215 | D        | Killed an orb of fire
 12216 | D        | Reached skill level 15 in Maces & Flails
 12216 | D        | Reached XP level 22. HP: 233/233 MP: 7/22
 12230 | D        | Received a gift from Trog
 12233 | D        | Noticed Boris
 12236 | D        | Reached skill level 15 in Short Blades
 12241 | D        | Killed Boris
 12251 | D        | Reached skill level 15 in Unarmed Combat
 12254 | D        | Received a gift from Trog
 12699 | D        | Noticed Baettub the pandemonium lord
 12700 | D        | Noticed an ancient lich
 12700 | D        | Noticed a royal mummy
 12700 | D        | Noticed a royal mummy
 12708 | D        | Noticed Mnoleg
 12709 | D        | Received a gift from Trog
 12711 | D        | Killed Baettub the pandemonium lord
 12715 | D        | HP: 14/349 [Hell Sentinel (10)]
 12715 | D        | HP: 6/349 [electric golem (5)]
 12716 | D        | Mangled by a death scarab

Illustrated notes

Levels and vault maps discovered:
D:        pitsprint [storerooms_1, entrance_room_1, metal_vault_2, armoury_2,
          mini_pit_1, grid_room_1, main_hall_1, silver_pit, the_coven_1,
          the_vestibule_1, steel_vault_5, golden_pit, hallway_of_sentries,
          crystal_vault_6, iron_vault_3, final_vault]

Skill      XL: |  1  2  3  4  5  6  7  8  9 10 11 12 13 14 15 16 17 18 19 20 21 22 |
---------------+-------------------------------------------------------------------+-----
Fighting       | 4 5 6 7 8 9 10 11 12 13 16 18 20 23 26 27 | 27.0
Armour         | 4 5 6 7 8 10 11 12 13 14 16 18 19 21 22 27 | 27.0
Shields        | 4 5 6 7 8 10 11 13 14 17 19 21 24 25 27 | 27.0
Axes           | 3 4 6 7 9 11 15 16 17 18 20 22 23 27 | 27.0
Dodging        | 1 2 3 5 6 8 9 10 13 16 21 25 27 | 27.0
Stealth        | 1 2 4 6 9 10 27 | 27.0
Throwing       | 1 8 13 18 22 27 | 27.0
Short Blades   | 2 14 18 | 18.9
Long Blades    | 10 23 27 | 27.0
Maces & Flails | 2 15 20 | 20.1
Polearms       | 2 |  2.2
Staves         | 2 |  2.2
Slings         | 9 14 19 24 27 | 27.0
Bows           | 2 |  2.0
Crossbows      | 2 |  2.0
Unarmed Combat | 3 12 18 | 18.4
Invocations    | 1 |  1.8
Evocations     | 7 12 16 21 27 | 27.0

Action                   |  1- 3 |  4- 6 |  7- 9 | 10-12 | 13-15 | 16-18 | 19-21 | 22-24 || total
-------------------------+-------+-------+-------+-------+-------+-------+-------+-------++-------
Melee: War axe           |     4 |       |       |       |       |       |       |       ||     4
       Headbutt          |     5 |     2 |    15 |    73 |    95 |   193 |   224 |    24 ||   631
       Hand axe          |    19 |    19 |    55 |   128 |       |       |       |       ||   221
       Broad axe         |       |       |    16 |   139 |   309 |   497 |   551 |    61 ||  1573
       Demon blade       |       |       |       |       |       |     7 |     2 |       ||     9
Throw: Dart              |       |       |       |     1 |       |       |       |       ||     1
Invok: Berserk           |     1 |     1 |     3 |     8 |    14 |    20 |     9 |     1 ||    57
       Brothers in Arms  |       |       |       |     3 |     5 |     2 |     1 |     1 ||    12
       Trog's Hand       |       |       |       |       |     1 |       |       |       ||     1
  Use: Potion            |       |       |       |     3 |     7 |     1 |     3 |       ||    14
       Scroll            |       |       |       |     1 |     1 |       |     3 |     1 ||     6
 Stab: Distracted        |       |       |       |     1 |     1 |       |     2 |     1 ||     5
       Invisible         |       |       |       |     3 |    12 |       |       |       ||    15
       Petrified         |       |       |       |       |       |       |     1 |       ||     1
Armor: Scale mail        |     9 |       |       |       |       |       |       |       ||     9
       Chain mail        |     1 |     5 |    16 |   100 |    29 |       |       |       ||   151
       Plate armour      |       |       |       |       |    32 |       |       |       ||    32
       Gold dragon scale |       |       |       |       |    48 |   157 |   281 |    51 ||   537
Dodge: Dodged            |     9 |     4 |    21 |    55 |    84 |    93 |   459 |    75 ||   800
Block: Kite shield       |    14 |    15 |    27 |   149 |   209 |   377 |   773 |   110 ||  1674
       Reflection        |       |       |       |       |       |    11 |     6 |     2 ||    19
       Rpst.: Demon blade |       |       |       |       |       |       |     1 |       ||     1

Table legend: (Time is in decaauts) A = Elapsed time spent in this place. B = Non-inter-level travel time spent in this place. C = Inter-level travel time spent in this place. D = Time resting spent in this place. E = Time spent auto-exploring this place. F = Levels seen in this place. G = Mean time per level. A B C D E F G +--------+--------+--------+--------+--------+-----+--------+ Total | 12582 | 12512 | 70 | 6932 | 545 | 1 | 12582.0 | Dungeon | 12582 | 12512 | 70 | 6932 | 545 | 1 | 12582.0 | +--------+--------+--------+--------+--------+-----+--------+

Top non-repeatable levels by time:
       D: 12582 daAuts
